 Dungeon Crawl Stone Soup version 0.29-a0-581-ge9a90b782e (webtiles) character file.

Game seed: 7675166017933568642

4897 Lekart the Carver (level 10, -4/85 (86) HPs)
             Began as a Yellow Draconian Monk on June 14, 2022.
             Was a Priest of Zin.
             Slain by a yak (13 damage)
             ... on level 8 of the Dungeon.
             The game lasted 00:17:10 (11311 turns).

Lekart the Carver (Yellow Draconian Monk)          Turns: 11311, Time: 00:17:11

HP:   -4/85 (86)    AC: 10    Str: 15 (16) XL:     10   Next: 26%
MP:   10/10         EV: 16    Int: 11      God:    Zin [***...]
Gold: 310           SH:  0    Dex: 16      Spells: 9/9 levels left

rFire   . . .      SeeInvis .   l - +2 war axe
rCold   . . .      Faith    .   p - +0 buckler
rNeg    . . .      Spirit   .   (body armour unavailable)
rPois   ∞          Reflect  +   (helmet restricted)
rElec   .          Harm     .   (no cloak)
rCorr   +          Rampage  .   o - +2 pair of gloves
Will    .....                   (no boots)
Stlth   +.........              h - amulet of reflection
HPRegen 0.24/turn               (no ring)
MPRegen 0.12/turn               (no ring)

@: confused, vitalised, short of breath, ambrosia-drunk, flying, lightly drained
A: spit acid, AC +7, unfitting armour, cold-blooded, acid resistance, big wings,
clumsy 1, deterioration 1
a: Breathe Acid, Renounce Religion, Recite, Vitalisation, Imprison, Donate Gold


You were on level 8 of the Dungeon.
You worshipped Zin.
Zin was most pleased with you.
You visited 1 branch of the dungeon, and saw 8 of its levels.
You also visited: Sewer.

You collected 409 gold pieces.
You spent 65 gold pieces at shops.
You donated 34 gold pieces to Zin.

Inventory:

Hand Weapons
 c - a +2 dagger of venom
 i - a +0 hand crossbow
 l - a +2 war axe (weapon)
Armour
 o - a +2 pair of gloves (worn)
 p - a +0 buckler (worn)
Jewellery
 e - a ring of wizardry
 h - an amulet of reflection (around neck)
Wands
 a - a wand of acid (1)
 d - a wand of mindburst (3)
 k - a wand of flame (66)
Scrolls
 f - a scroll of amnesia
 g - 5 scrolls of teleportation
 j - a scroll of summoning
 q - a scroll of enchant armour
 r - 2 scrolls of identify
Potions
 m - a potion of attraction
 s - 2 potions of cancellation
 t - 3 potions of haste


   Skills:
 + Level 7.5 Fighting
 + Level 4.5(6.9) Short Blades
 + Level 8.1(8.7) Long Blades
 + Level 1.5 Axes
 + Level 3.8 Crossbows
 + Level 8.0 Dodging
 - Level 1.7 Stealth
 + Level 3.7 Shields
 + Level 0.8 Invocations
 + Level 2.0 Evocations


You had 9 spell levels left.
You didn't know any spells.
Your spell library contained the following spells:

 Spells                   Type           Power      Damage    Failure   Level
 Apportation              Tloc           0%         N/A       43%         1
 Necrotize                Necr           0%         1d4       43%         1
 Sandblast                Erth           0%         2d4       43%         1
 Summon Small Mammal      Summ           0%         N/A       43%         1
 Passwall                 Tmut/Erth      0%         N/A       56%         2
 Ozocubu's Armour         Ice            0%         N/A       80%         3
 Stone Arrow              Conj/Erth      0%         3d7       80%         3
 Airstrike                Air            0%         N/A       99%         4
 Summon Lightning Spire   Summ/Air       0%         N/A       99%         4
 Lightning Bolt           Conj/Air       0%         1d11      100%        5
 Ozocubu's Refrigeration  Ice            0%         4d5       100%        7


Dungeon Overview and Level Annotations

Branches:
Dungeon (8/15)             Temple (0/1) D:7           Sewer (visited)
   Lair: D:8-11

Altars:
Fedhas
Kikubaaqudgha
Nemelex Xobeh
Trog
Zin

Shops:
D:1 [*   D:7 [


Innate Abilities, Weirdness & Mutations

You can spit globs of acid.
Your golden yellow scales are hard. (AC +7)
You cannot fit into any form of body armour.
You are cold-blooded and may be slowed by cold attacks.
You are resistant to acid. (rCorr)
Your large and strong wings let you fly.
You are clumsy. (Dex -2)
Your body sometimes deteriorates upon taking damage.


Message History

You slash the yak!
The yak is severely wounded.
The yak closely misses you. The yak gores you.
You hit the yak.
Your tail-slap misses the yak.
The yak is almost dead.
The yak gores you.
* * * LOW HITPOINT WARNING * * *
The yak barely misses you.
You hit the yak.
The yak is almost dead.
You block the yak's attack.
You hit the yak.
The yak is almost dead.
You block the yak's attack. The yak gores you but does no damage.
You slash the yak!
You kill the yak!
Your Axes skill increases to level 1!
Your Dodging skill increases to level 8!
You slash the yak!
You tail-slap the yak, but do no damage.
The yak is almost dead.
The yak is no longer covered in acid. x2; The yak completely misses you.
The yak gores you!
* * * LOW HITPOINT WARNING * * *
You hit the yak.
You kill the yak!
Zin grants you divine stamina.
The yak is no longer covered in acid.
The yak gores you!
* * * LOW HITPOINT WARNING * * *
You slash the yak!
The yak is heavily wounded.
The orc warrior is no longer covered in acid.
The yak gores you.
* * * LOW HITPOINT WARNING * * *
The yak misses you.
You are confused.
You feel invigorated. The yak gores you.
* * * LOW HITPOINT WARNING * * *
The yak attacks as you move away! The yak gores you!
You die...

##..[)##...'.....##..##<..
#....##..##.....##..'....
#....##..##.....##..##...
#....##..##......#...####
#....##.........###..#
#....##.........##..##
......#..............#
.......#..............# #####
#######@####>..###+#####
###....###)..###Y####...###.##..#
.........#.....YYo..#....#.......
.........#..Y...o...#....'.......
#.....##.Y###########..###....#
.##....o###'######.####'#########
.......o.oY..#........)))..#
.........o.Y.#.............#
........##..##..##>........#


You could see 3 yaks, an orc warrior and an orc.

Vanquished Creatures
  Pikel (D:6)
  Maggie (D:7)
  Prince Ribbit (D:7)
  2 yaks (D:8)
  A water moccasin (D:7)
  Pargi (Sewer)
  3 ice beasts
  An orc warrior (D:7)
  3 ogres
  3 black bears
  3 centaurs
  3 lemures (D:6)
  6 necrophages
  2 gnoll sergeants
  2 scorpions
  5 wights
  6 killer bees (D:7)
  3 howler monkeys
  2 bullfrog zombies (D:4)
  4 jellies
  A human zombie (D:4)
  3 orc priests
  3 hounds
  7 iguanas
  A scorpion zombie (D:4)
  4 orc wizards
  A mummy (D:4)
  13 gnolls
  8 adders
  2 shadow imps
  An ufetubus (D:4)
  2 adder zombies (D:4)
  A worm (D:4)
  2 dart slugs
  9 orcs
  5 endoplasms
  4 giant cockroaches
  4 goblins
  3 hobgoblins
  16 kobolds
  4 quokkas
  6 ball pythons
  4 bats
  4 frilled lizards
  5 rats
166 creatures vanquished.

Vanquished Creatures (collateral kills)
  A kobold brigand (D:6)
  A gnoll (D:6)
  An adder (D:6)
  2 kobolds (D:6)
5 creatures vanquished.

Vanquished Creatures (others)
  4 fungi (D:4)
  18 plants
22 creatures vanquished.

Grand Total: 193 creatures vanquished

Notes
Turn   | Place    | Note
-------+----------+-------------------------------------------
     0 | D:1      | Lekart the Draconian Monk began the quest for the Orb.
     0 | D:1      | Reached XP level 1. HP: 19/19 MP: 1/1
    96 | D:1      | Found Qaer Pen's Armour Boutique.
   116 | D:1      | Reached XP level 2. HP: 26/26 MP: 2/2
   394 | D:1      | Found Dolacynt's General Store.
   401 | D:1      | Bought a potion of heal wounds for 65 gold pieces
   797 | D:2      | Found a faded altar of an unknown god.
  1247 | D:3      | Reached XP level 3. HP: 8/33 MP: 3/3
  1505 | D:3      | Found a glowing drain.
  1531 | Sewer    | Entered a sewer
  1768 | Sewer    | Noticed Pargi
  1800 | Sewer    | Killed Pargi
  1801 | Sewer    | Reached XP level 4. HP: 8/40 MP: 4/4
  1801 | Sewer    | Reached XP level 5. HP: 9/46 MP: 5/5
  2208 | D:3      | Identified the +2 hand axe of Jilecih {drain, rF+}
  3160 | D:4      | Noticed an ogre
  3188 | D:4      | Reached skill level 1 in Crossbows
  3212 | D:4      | Reached XP level 6. HP: 15/53 MP: 6/6
  3900 | D:4      | Found a blossoming altar of Fedhas.
  4170 | D:4      | Your scales start taking on a golden yellow colour.
  4170 | D:4      | Reached XP level 7. HP: 60/60 MP: 7/7
  4170 | D:4      | Gained mutation: You are resistant to acid. (rCorr) [Yellow
                  | Draconian growth]
  4173 | D:4      | Found an ancient bone altar of Kikubaaqudgha.
  4182 | D:4      | Reached skill level 1 in Short Blades
  4213 | D:4      | Reached skill level 5 in Fighting
  4298 | D:4      | Reached skill level 5 in Long Blades
  4896 | D:5      | Entered Level 5 of the Dungeon
  4963 | D:5      | Reached XP level 8. HP: 61/69 MP: 8/8
  5111 | D:5      | Reached skill level 5 in Dodging
  5728 | D:5      | Found a sparkling altar of Nemelex Xobeh.
  5973 | D:6      | Found a bloodstained altar of Trog.
  6105 | D:6      | Found a glowing silver altar of Zin.
  6146 | D:6      | Became a worshipper of Zin the Law-Giver
  6146 | D:6      | Reached * piety under Zin
  6146 | D:6      | Reached ** piety under Zin
  6146 | D:6      | Reached *** piety under Zin
  6179 | D:6      | Was placed under penance by Zin
  6686 | D:6      | Noticed Pikel
  6720 | D:6      | Killed Pikel
  6721 | D:6      | Reached skill level 1 in Shields
  6721 | D:6      | Reached skill level 1 in Evocations
  6721 | D:6      | Reached XP level 9. HP: 33/78 MP: 9/9
  6992 | D:6      | Gained mutation: Your large and strong wings let you fly.
                  | [potion of mutation]
  6992 | D:6      | Gained mutation: You have hidden genetic defects. [potion
                  | of mutation]
  7072 | D:6      | Was forgiven by Zin
  7945 | D:6      | Gained mutation: Your body sometimes deteriorates upon
                  | taking damage. [hidden defects]
  8303 | D:7      | Found a staircase to the Ecumenical Temple.
  8324 | D:7      | Found Kihyv's Antique Armour Emporium.
  8799 | D:7      | Noticed Prince Ribbit
  8816 | D:7      | Killed Prince Ribbit
  9575 | D:7      | Noticed Maggie
  9625 | D:7      | Killed Maggie
  9626 | D:7      | Reached XP level 10. HP: 11/86 MP: 10/10
  9639 | D:7      | Gained mutation: You are clumsy. (Dex -2) [hidden defects]
  9639 | D:7      | Lost mutation: You have hidden genetic defects. [hidden
                  | defects expressed]
 11306 | D:8      | Reached skill level 1 in Axes
 11311 | D:8      | Slain by a yak

Illustrated notes

Levels and vault maps discovered:
D:1:      sevenhm_arrival_forest_fort_small_3, layout_loops_cross, serial_shops,
          shop, shop
D:2:      layout_basic, shapermc_ecumenical_altar_ellora, basic_altar
D:3:      corexii_shack_village, layout_loops_ring, gup_sewer_entry_glass,
          minivault_11
D:4:      layout_basic, lemuel_mausoleum_altar_kikubaaqudgha, fedhas_altar_3,
          chequers_decorated_corner, hangedman_decor_points, st_stairs_3,
          nicolae_elevator_lobby_plus
D:5:      layout_loops_ring, nemelex_spade_bored_becter, chequers_jeans,
          hangedman_decor_peaks_small, guppyfry_early_lair_pool
D:6:      layout_cave_pods, mainiacjoe_overflow_cross_hatched,
          mainiacjoe_overflow_concentric_impassable, grunt_decor_mini_mirrors,
          nicolae_figureground_sparkle, uniq_pikel
D:7:      layout_loops_ring, minmay_temple_entry_junction_2,
          serial_co_window_serial, co_window_corner_a,
          co_window_of_opportunity_a, co_window_of_opportunity_a,
          co_window_paths_b, co_window_paths_b, co_window_corner_a,
          co_window_unsneaky_path_d, co_window_2corner, co_window_paths_c,
          co_window_corner_b, co_window_broadway_a, co_window_2corner,
          co_window_of_opportunity_c, co_window_4corner_a, co_window_paths_d,
          glass_columns_b, glass_columns_a, glass_columns_b, glass_columns_a,
          glass_columns_a, serial_shops, nicolae_shop_statue_plus,
          abandoned_shop, uniq_maggie, uniq_prince_ribbit1
D:8:      layout_gridville, grunt_lair_entry_orc_guard_hut, uniq_grum

Skill      XL: |  1  2  3  4  5  6  7  8  9 10 |
---------------+-------------------------------+-----
Dodging        | 3 4 6 7 8 |  8.0
Fighting       | 4 5 6 7 |  7.5
Long Blades    | 4 5 8 |  8.1
Crossbows      | 2 3 |  3.8
Short Blades   | 1 2 4 |  4.5
Shields        | 1 3 |  3.7
Evocations     | 1 2 |  2.0
Axes           | 1 |  1.5
Stealth        | |  1.7
Invocations    | |  0.8

Action                   |  1- 3 |  4- 6 |  7- 9 | 10-12 || total
-------------------------+-------+-------+-------+-------++-------
Melee: Falchion          |   112 |     8 |   219 |       ||   339
       Tailslap          |    10 |    15 |    70 |    37 ||   132
       Punch             |     1 |     1 |     1 |       ||     3
       Dagger            |       |    63 |   236 |   131 ||   430
       War axe           |       |       |       |    33 ||    33
 Fire: Hand crossbow     |       |    87 |       |       ||    87
Invok: Vitalisation      |       |       |     2 |     1 ||     3
       Recite            |       |       |     1 |       ||     1
 Abil: Breathe Acid      |       |       |    10 |     3 ||    13
Evoke: Wand              |       |       |    14 |       ||    14
  Use: Scroll            |     6 |     3 |    10 |     1 ||    20
       Potion            |     4 |     1 |     6 |     1 ||    12
 Stab: Sleeping          |     7 |     3 |     7 |       ||    17
Armor: Skin              |    51 |    29 |   167 |    51 ||   298
Dodge: Dodged            |   114 |    92 |   319 |   114 ||   639
Block: Buckler           |       |       |    88 |    61 ||   149

Table legend: (Time is in decaauts)
 A = Elapsed time spent in this place.
 B = Non-inter-level travel time spent in this place.
 C = Inter-level travel time spent in this place.
 D = Time resting spent in this place.
 E = Time spent auto-exploring this place.
 F = Levels seen in this place.
 G = Mean time per level.
                   A        B        C        D        E       F      G
               +--------+--------+--------+--------+--------+-----+--------+
         Total |  11278 |  11128 |    150 |   1284 |   8093 |   9 | 1253.1 |
       Dungeon |  10628 |  10478 |    150 |   1284 |   7533 |   8 | 1328.5 |
         Sewer |    649 |    649 |      0 |      0 |    560 |   1 |  649.0 |
               +--------+--------+--------+--------+--------+-----+--------+

Top non-repeatable levels by time:
     D:7: 2525 daAuts
     D:4: 1922 daAuts
     D:6: 1829 daAuts
     D:5: 1245 daAuts
     D:3: 1238 daAuts
     D:8: 743 daAuts
     D:1: 704 daAuts
   Sewer: 649 daAuts
     D:2: 420 daAuts
